 Dungeon Crawl Stone Soup version 0.30-a0-777-ga9a30cbeda (webtiles) character file.

Game seed: 8950988263993081420

32 Adverbial the Sneak (level 3, 0/26 HPs)
             Began as an Octopode Monk on Feb 14, 2023.
             Constricted to death by a ball python (1 damage)
             ... on level 2 of the Dungeon.
             The game lasted 00:02:52 (483 turns).

Adverbial the Sneak (Octopode Monk)                  Turns: 483, Time: 00:02:53

Health: 0/26       AC:  1    Str: 12    XL:     3   Next: 27%
Magic:  3/3        EV: 11    Int: 12    God:
Gold:   47         SH:  0    Dex: 14    Spells: 2/2 levels left

rFire   . . .      SeeInvis .    a - +0 mace
rCold   . . .      Faith    .    (no shield)
rNeg    . . .      Spirit   .    (helmet restricted)
rPois   .          Reflect  .    (no amulet)
rElec   .          Harm     .    (no ring)
rCorr   .          Rampage  .    (no ring)
Will    .....                    (no ring)
Stlth   +++                      (no ring)
HPRegen 0.24/turn                (no ring)
MPRegen 0.08/turn                (no ring)
                                 (no ring)
                                 (no ring)

@: lethally poisoned (0 -> -4), constricted
A: almost no armour, amphibious, 8 rings, camouflage 1, gelatinous body 1,
(nimble swimmer 1), tentacles
a: no special abilities


You were on level 2 of the Dungeon.
You visited 1 branch of the dungeon, and saw 2 of its levels.

You collected 47 gold pieces.

Inventory:

Hand Weapons
 a - a +0 mace (weapon)
Scrolls
 c - a scroll of enchant armour {unknown}
 f - a scroll of noise {unknown}
 g - a scroll of teleportation {unknown}
Potions
 b - a potion of ambrosia
 d - a potion of cancellation {unknown}
 e - a potion of curing {unknown}
 h - a potion of heal wounds {unknown}


   Skills:
 + Level 3.3 Fighting
 + Level 3.3 Maces & Flails
 + Level 3.3 Dodging
 * Level 3.6 Stealth


You had 2 spell levels left.
You didn't know any spells.
Your spell library was empty.

Dungeon Overview and Level Annotations

Branches:
Dungeon (2/15)

Altars:


Innate Abilities, Weirdness & Mutations

You cannot wear most types of armour.
You are amphibious.
You can wear up to eight rings at the same time.
Your skin changes colour to match your surroundings (Stealth+).
Your rubbery body absorbs attacks. (AC +1, EV +1)
((You are camouflaged when in or above water. (Stealth+)))
You have tentacles for arms and can constrict up to eight enemies at once.


Message History

The jackal barely misses you.
The ball python hisses angrily.
The jackal barks!
The adder hisses angrily.
You hit the jackal.
You kill the jackal!
The jackal closely misses you. The ball python completely misses you.
The ball python barely misses you.
You closely miss the frilled lizard. You grab the frilled lizard.
You constrict the frilled lizard.
You kill the frilled lizard!
The jackal closely misses you.
The ball python bites you but does no damage.
The ball python grabs you. The ball python constricts you.
The jackal closely misses you.
You barely miss the jackal. You grab the jackal. You squeeze the jackal.
You kill the jackal!
The jackal misses you. The ball python bites you.
The ball python constricts you. The jackal barely misses you.
The adder bites you. The ball python bites you. The ball python constricts you.
You closely miss the adder. Your grab misses the adder.
The jackal closely misses you. The adder bites you.
The ball python bites you but does no damage.
The ball python constricts you.
You hit the adder. Your grab misses the adder. You squeeze the adder.
The adder is moderately wounded.
The jackal barely misses you. The adder bites you.
You are poisoned.
The adder poisons you! The ball python bites you.
The ball python constricts you. The jackal bites you. The adder bites you.
The ball python bites you.
* * * LOW HITPOINT WARNING * * *
The ball python constricts you.
* * * LOW HITPOINT WARNING * * *
You closely miss the adder. You grab the adder.
The adder is moderately wounded.
You constrict the adder.
* * * LOW HITPOINT WARNING * * *
You feel sick. The jackal barely misses you. The adder bites you.
* * * LOW HITPOINT WARNING * * *
The ball python barely misses you. The ball python constricts you.
You die...

# . ####.####
#..............
####..#..........
#>..............
#....S.........
#...@S....#....
#....h....#....
#...........##.#.#.
####.........#.<#.....
....######......#...#
###...####........##
#. #
#.......†......##...
##..................
##...............#.#.


You could see an adder, a jackal and a ball python.

Vanquished Creatures
  A worm (D:2)
  2 dart slugs
  3 endoplasms
  A giant cockroach (D:1)
  2 goblins
  2 hobgoblins (D:1)
  2 jackals (D:2)
  5 kobolds
  A quokka (D:1)
  A ball python (D:1)
  2 frilled lizards (D:2)
  2 rats
24 creatures vanquished.

Notes
Turn   | Place    | Note
-------+----------+-------------------------------------------
     0 | D:1      | Adverbial the Octopode Monk began the quest for the Orb.
     0 | D:1      | Reached XP level 1. HP: 16/16 MP: 1/1
   131 | D:1      | Reached XP level 2. HP: 14/21 MP: 2/2
   382 | D:2      | Reached XP level 3. HP: 6/26 MP: 3/3
   483 | D:2      | HP: 1/26 [adder (3)]
   483 | D:2      | Constricted to death by a ball python

Illustrated notes

Levels and vault maps discovered:
D:1:      wander_arrival_fairy_ring, layout_loops_ring,
          shapermc_ecumenical_altar_mp_urbaneastern
D:2:      layout_rooms

Skill      XL: |  1 |
---------------+----+-----
Stealth        | 3 |  3.6
Fighting       | |  3.3
Maces & Flails | |  3.3
Dodging        | |  3.3

Action                     || total
---------------------------++-------
  Melee: Mace              ||    41
         Constrict         ||    12
         Tentacles         ||     9
   Stab: Sleeping          ||     2
 Armour: Skin              ||     4
  Dodge: Dodged            ||    34

Table legend: (Time is in decaauts)
 A = Elapsed time spent in this place.
 B = Non-inter-level travel time spent in this place.
 C = Inter-level travel time spent in this place.
 D = Time resting spent in this place.
 E = Time spent auto-exploring this place.
 F = Levels seen in this place.
 G = Mean time per level.
                   A        B        C        D        E       F      G
               +--------+--------+--------+--------+--------+-----+--------+
         Total |    492 |    492 |      0 |      0 |      0 |   2 |  246.0 |
       Dungeon |    492 |    492 |      0 |      0 |      0 |   2 |  246.0 |
               +--------+--------+--------+--------+--------+-----+--------+

Top non-repeatable levels by time:
     D:1: 363 daAuts
     D:2: 129 daAuts
